 Dungeon Crawl Stone Soup version 0.21.0-25-ge575cb9ce8 (webtiles) character file.

295 Andry07 the Skirmisher (level 6, -1/44 HPs)
             Began as a Gargoyle Fighter on Jan 27, 2018.
             Slain by an elf zombie (2 damage)
             ... in an ossuary.
             The game lasted 00:04:42 (4034 turns).

Andry07 the Skirmisher (Gargoyle Fighter)           Turns: 4034, Time: 00:04:44

Health: -1/44      AC: 11    Str: 22    XL:     6   Next: 34%
Magic:  6/6        EV:  7    Int:  8    God:
Gold:   233        SH:  9    Dex:  9    Spells: 5/5 levels left

rFire    . . .     SeeInvis .   a - +0 flail
rCold    . . .     Gourm    .   c - +0 shield
rNeg     + . .     Faith    .   b - +0 scale mail
rPois    ∞         Spirit   .   (no helmet)
rElec    +         Reflect  .   w - scarf {cloud immunity}
rCorr    .         Harm     .   (no gloves)
MR       .....                  (no boots)
Stlth    ..........             (no amulet)
HPRegen  0.14/turn              (no ring)
MPRegen  0.10/turn              (no ring)

@: marked
A: negative energy resistance 1, electricity resistance, unbreathing,
petrification resistance, rot immunity, AC +4
a: no special abilities


You were in an ossuary.
You were hungry.

You visited 1 branch of the dungeon, and saw 5 of its levels.
You also visited: Ossuary.

You collected 233 gold pieces.

Inventory:

Hand Weapons
 a - a +0 flail (weapon)
Armour
 b - a +0 scale mail (worn)
 c - a +0 shield (worn)
 w - a scarf of cloud immunity (worn)
Jewellery
 l - an uncursed amulet of harm {unknown}
 r - an uncursed ring of protection from magic {unknown}
 s - an uncursed ring of ice {unknown}
 u - an uncursed ring of protection from fire {unknown}
 v - a +3 ring of evasion {unknown}
Wands
 x - a wand of iceblast (14)
Scrolls
 e - 7 scrolls of identify {unknown}
 g - 2 scrolls of random uselessness {unknown}
 h - 5 scrolls of remove curse {unknown}
 k - 3 scrolls of enchant armour {unknown}
 m - 3 scrolls of blinking {unknown}
 o - 4 scrolls of teleportation {unknown}
 p - 2 scrolls of immolation {unknown}
 y - 2 scrolls of magic mapping {unknown}
Potions
 d - a potion of might
 i - a potion of degeneration {unknown}
 j - a potion of curing {unknown}
 n - a potion of flight {unknown}
 q - a potion of resistance {unknown}
 t - a potion of lignification {unknown}
Comestibles
 f - 9 rations


   Skills:
 + Level 7.6 Fighting
 - Level 2.0 Maces & Flails
 - Level 3.2 Armour
 - Level 3.2 Shields


You had 5 spell levels left.
You didn't know any spells.

Dungeon Overview and Level Annotations

Branches:
Dungeon (5/15)
 Temple: D:4-7

Altars:
Qazlal
Sif Muna
Yredelemnul
Zin

Shops:
D:4 (

Annotations:
D:5 Edmund


Innate Abilities, Weirdness & Mutations

You are resistant to torment.
Your stone body is resilient. (AC +4)
You are immune to poison.
You resist negative energy. (rN+)
You are resistant to electric shocks. (rElec)
You can survive without breathing.
You are immune to petrification.
You are immune to rotting.


Message History

The elf zombie is moderately damaged.
The human zombie hits you.
* * * LOW HITPOINT WARNING * * *
You block the kobold zombie's attack. You block the elf zombie's attack.
The mummy completely misses you. You block the human zombie's attack.
The kobold zombie closely misses you.
You hit the elf zombie.
The elf zombie is moderately damaged.
You block the elf zombie's attack. The mummy closely misses you.
The mummy barely misses you. The human zombie hits you.
* * * LOW HITPOINT WARNING * * *
The kobold zombie hits you but does no damage.
You closely miss the elf zombie.
The elf zombie is moderately damaged.
The elf zombie barely misses you. You block the mummy's attack.
You block the human zombie's attack. You block the kobold zombie's attack.
The mummy hits you.
* * * LOW HITPOINT WARNING * * *
The elf zombie hits you.
You die...

#...##############...#
#...# #...# #...#
#...# ##...# #...#
#...# ....+####...#
#...# #.∩.....#...#
#...# #.......#...#
#...# #..ZZ...#...#
#...#.####.ZMMZ..#...#
#...#......ZZ@ZZ.#...#
#...#.####.Z####.#...#
#...# #..# #...# #...#
#..# #...#
#...######.^######...#
#....................#
#........8..8........#
#....................#
#....................#


You could see 2 mummies, an adder zombie, a jackal zombie, a hobgoblin zombie, a
kobold zombie, a big kobold zombie, 2 orc zombies, an elf zombie and a human
zombie.

Vanquished Creatures
  An elf zombie (Ossuary)
  An orc wizard (D:3)
  An iguana (D:5)
  4 adders
  2 oozes (D:3)
  A worm (D:5)
  4 dart slugs
  2 leopard geckos (D:1)
  12 orcs
  9 bats
  7 giant cockroaches
  8 goblins
  6 hobgoblins
  6 jackals
  8 kobolds
  4 quokkas
  6 frilled lizards
  10 hobgoblin zombies (Ossuary)
  5 kobold zombies (Ossuary)
  A leopard gecko skeleton (D:5)
  6 orc zombies (Ossuary)
  6 rats
110 creatures vanquished.

Notes
Turn   | Place    | Note
-------+----------+-------------------------------------------
     0 | D:1      | Andry07 the Gargoyle Fighter began the quest for the Orb.
     0 | D:1      | Reached XP level 1. HP: 14/14 MP: 1/1
   398 | D:1      | Reached XP level 2. HP: 18/20 MP: 2/2
   422 | D:1      | Reached skill level 4 in Fighting
   575 | D:1      | Reached XP level 3. HP: 21/24 MP: 3/3
   963 | D:2      | Reached skill level 5 in Fighting
  1009 | D:2      | Reached XP level 4. HP: 27/31 MP: 4/4
  1582 | D:3      | Found a basalt altar of Yredelemnul.
  1604 | D:3      | Reached skill level 6 in Fighting
  1604 | D:3      | Reached XP level 5. HP: 31/36 MP: 5/5
  1711 | D:3      | Found a glowing silver altar of Zin.
  2121 | D:3      | Noticed a water elemental
  2123 | D:3      | Found a stormy altar of Qazlal.
  2125 | D:3      | Noticed an air elemental
  2126 | D:3      | Noticed a fire elemental
  2889 | D:4      | Found Aphyut's Weapon Shoppe.
  3079 | D:4      | Found a deep blue altar of Sif Muna.
  3138 | D:5      | Entered Level 5 of the Dungeon
  3259 | D:5      | Noticed Edmund
  3640 | D:5      | Found a sand-covered staircase.
  3662 | D:5      | Reached skill level 7 in Fighting
  3753 | Ossuary  | Entered an ossuary
  3952 | Ossuary  | Reached XP level 6. HP: 43/44 MP: 6/6
  4034 | Ossuary  | HP: 1/44 [mummy (5)]
  4034 | Ossuary  | Slain by an elf zombie

Skill      XL: |  1  2  3  4  5 |
---------------+----------------+-----
Fighting       | 4 5 6 7 |  7.6
Maces & Flails | |  2.0
Armour         | |  3.2
Shields        | |  3.2

Action                   |  1- 3 |  4- 6 || total
-------------------------+-------+-------++-------
Melee: Flail             |   151 |   284 ||   435
  Eat: Chunk             |       |    10 ||    10
Armor: Scale mail        |    95 |   177 ||   272
Dodge: Dodged            |    68 |   100 ||   168
Block: Shield            |   110 |   197 ||   307
